[Event "Titled Tuesday Blitz August 22 Early 2023"]
[White "ZeGood_ZeBad_ZeUgly"]
[Black "KorolDimitriy75"]
[WhiteElo "2239"]
[BlackElo "2362"]
[Result "1-0"]
[Round "10"]
[TimeControl "180+1"]
[Date "2023.08.22"]
[WhiteClock "0:00:01"]
[BlackClock "0:00:00"]
[Board "154"]

1. e4 c5 2. Nf3 d6 3. d4 cxd4 4. Nxd4 Nf6 5. Nc3 g6 6. Be2 Bg7 7. O-O O-O 8. Re1 Nc6 9. Nb3 a6 10. Bf1 b5 11. a4 b4 12. Nd5 Nd7 13. a5 Bb7 14. Ra4 Nc5 15. Nxc5 dxc5 16. Bg5 Bxb2 17. Nxe7+ Nxe7 18. Qxd8 Rfxd8 19. Bxe7 Rdc8 20. Bc4 Bc3 21. Re2 Bc6 22. Ra2 Bb5 23. Bxb5 axb5 24. e5 c4 25. g3 b3 26. cxb3 cxb3 27. Ra3 b2 28. Rb3 Rxa5 29. Rexb2 Bxb2 30. Rxb2 h5 31. h4 Rb8 32. Kg2 Ra4 33. Kf3 b4 34. Bd6 Rb7 35. Ke2 b3 36. Kd2 Ra2 37. Kc3 Rxb2 38. Kxb2 Kg7 39. Bc5 Rb5 40. Bd4 Kf8 41. f3 Ke8 42. g4 Kd7 43. Bc3 Ke6 44. Bd4 Kd5 45. Bc3 Kc4 46. gxh5 gxh5 47. f4 Rb7 48. f5 Ra7 49. Be1 1-0


[Site "https://www.chess.com"]

[Event "Titled Tuesday Blitz August 22 Early 2023"]
[White "Legenia, Artem"]
[Black "parintele_chess"]
[WhiteFideId "14136945"]
[WhiteElo "2353"]
[BlackElo "2221"]
[Result "1-0"]
[Round "10"]
[TimeControl "180+1"]
[Date "2023.08.22"]
[WhiteClock "0:01:45"]
[BlackClock "0:00:00"]
[Board "155"]

1. b4 Nf6 2. Bb2 g6 3. e3 Bg7 4. Nf3 O-O 5. Be2 b6 6. a3 Bb7 7. O-O d6 8. d4 Nbd7 9. c4 e5 10. d5 Ne4 11. Nbd2 Nxd2 12. Nxd2 f5 13. e4 fxe4 14. Nxe4 Nf6 15. Ng5 Bc8 16. Rc1 h6 17. Ne6 Bxe6 18. dxe6 Qe7 19. c5 bxc5 20. bxc5 Rab8 21. cxd6 cxd6 22. Bc3 Ne4 23. Bb4 Rfd8 24. Bc4 a5 25. Bxa5 d5 26. Bxd8 Rxd8 27. Bxd5 Nf6 28. Rc7 Qxc7 29. e7+ Nxd5 30. exd8=Q+ Qxd8 31. Qb3 Kh7 32. Rd1 e4 33. Qxd5 Qe7 34. a4 Qa3 35. a5 e3 36. fxe3 Qxe3+ 37. Kh1 h5 38. a6 Kh6 39. Qd2 1-0


[Site "https://www.chess.com"]

[Event "Titled Tuesday Blitz August 22 Early 2023"]
[White "Buscar, Michael"]
[Black "Clawitter, Craig"]
[WhiteFideId "2603616"]
[BlackFideId "2023105"]
[WhiteElo "2339"]
[BlackElo "2220"]
[Result "1-0"]
[Round "10"]
[TimeControl "180+1"]
[Date "2023.08.22"]
[WhiteClock "0:00:37"]
[BlackClock "0:00:05"]
[Board "156"]

1. e4 e6 2. d4 d5 3. Nc3 Bb4 4. e5 c5 5. a3 Bxc3+ 6. bxc3 Ne7 7. Qg4 Qc7 8. Qxg7 Rg8 9. Qxh7 cxd4 10. Qd3 dxc3 11. Nf3 Nbc6 12. Bf4 Ng6 13. Bg3 Ngxe5 14. Nxe5 Nxe5 15. Qd4 f6 16. Bb5+ Bd7 17. Bxd7+ Kxd7 18. O-O Rac8 19. Rfe1 Qb6 20. Bxe5 fxe5 21. Qxe5 Rcf8 22. Re3 Rf5 23. Qxc3 Rgf8 24. Rf1 R8f7 25. Qd2 d4 26. Rb3 Qc6 27. Qxd4+ Rd5 28. Qxa7 Kc8 29. Qe3 Rg7 30. g3 Rgd7 31. Rc3 1-0


[Site "https://www.chess.com"]

[Event "Titled Tuesday Blitz August 22 Early 2023"]
[White "Tharushi, T H D Niklesha"]
[Black "Mikhaylova, Irina"]
[WhiteFideId "9918264"]
[BlackFideId "4109040"]
[WhiteElo "2186"]
[BlackElo "2314"]
[Result "1-0"]
[Round "10"]
[TimeControl "180+1"]
[Date "2023.08.22"]
[WhiteClock "0:00:20"]
[BlackClock "0:00:00"]
[Board "157"]

1. e4 c5 2. Nf3 Nc6 3. d4 cxd4 4. Nxd4 e5 5. Nb5 d6 6. N1c3 a6 7. Na3 b5 8. Nd5 Nge7 9. c4 Nd4 10. cxb5 Nxd5 11. exd5 Qh4 12. Be3 Nf5 13. Qd2 Be7 14. Bd3 e4 15. Bc2 O-O 16. O-O axb5 17. Nxb5 Ba6 18. Nc7 Bxf1 19. Nxa8 Bxg2 20. Kxg2 Qg4+ 21. Kf1 Nh4 22. Bd1 Qg2+ 23. Ke2 Qf3+ 24. Kf1 Qh1+ 25. Ke2 Qf3+ 26. Kf1 Qh3+ 27. Ke2 Nf3 28. Qa5 Nxh2 29. Kd2 Nf1+ 30. Kc2 Qc8+ 31. Nc7 Nxe3+ 32. fxe3 Bd8 33. Qc3 Bxc7 34. Be2 Qd8 35. b4 Bb6 36. Kb3 Qg5 37. a4 Bxe3 38. a5 Bd2 39. Qd4 Be3 40. Qxe4 Bd2 41. Bd3 g6 42. a6 Qf6 43. Qc4 Qxa1 44. Qc2 Bxb4 45. Kxb4 Rb8+ 46. Bb5 1-0


[Site "https://www.chess.com"]

[Event "Titled Tuesday Blitz August 22 Early 2023"]
[White "Sovetbekova, Nurai"]
[Black "Seifert, Henryk"]
[WhiteFideId "13801910"]
[BlackFideId "1100963"]
[WhiteElo "2294"]
[BlackElo "2135"]
[Result "1-0"]
[Round "10"]
[TimeControl "180+1"]
[Date "2023.08.22"]
[WhiteClock "0:00:58"]
[BlackClock "0:00:00"]
[Board "158"]

1. d4 d5 2. c4 c6 3. Nf3 Nf6 4. g3 Bf5 5. Nc3 e6 6. Nh4 Be4 7. f3 Bg6 8. Nxg6 hxg6 9. e4 dxe4 10. fxe4 e5 11. d5 Bc5 12. Be2 Nbd7 13. Bd2 Bd4 14. Qc2 Nc5 15. O-O-O Bxc3 16. Bxc3 Ncxe4 17. Bxe5 Nf2 18. dxc6 Qb6 19. Bd4 Qxc6 20. Bxf2 Rc8 21. Rhe1 O-O 22. Bd3 b5 23. b3 a5 24. Kb1 a4 25. Be4 Qa6 26. c5 axb3 27. axb3 Nxe4 28. Rxe4 Ra8 29. Qb2 b4 30. Rxb4 Rfc8 31. Ra4 Qb5 32. Rxa8 Rxa8 33. Rc1 Re8 34. c6 Re2 35. Rc2 1-0


[Site "https://www.chess.com"]

[Event "Titled Tuesday Blitz August 22 Early 2023"]
[White "GAO"]
[Black "abelmat"]
[WhiteElo "2273"]
[BlackElo "1931"]
[Result "0-1"]
[Round "10"]
[TimeControl "180+1"]
[Date "2023.08.22"]
[WhiteClock "0:00:10"]
[BlackClock "0:00:13"]
[Board "159"]

1. e4 e6 2. d4 d5 3. Nc3 dxe4 4. Nxe4 Nd7 5. Nf3 Ngf6 6. Ng3 Be7 7. Bd3 O-O 8. h4 b6 9. h5 Bb7 10. h6 g6 11. Qe2 Rc8 12. Bd2 c5 13. O-O-O a5 14. Kb1 a4 15. Bb5 Qc7 16. c4 Bxf3 17. Qxf3 cxd4 18. Bg5 Ne5 19. Qe2 Nxc4 20. Rc1 Qe5 21. Bxf6 Qxb5 22. Bxe7 d3 23. Rh5 Na3+ 24. Ka1 Rxc1# 0-1


[Site "https://www.chess.com"]

[Event "Titled Tuesday Blitz August 22 Early 2023"]
[White "Kuchava, Ana"]
[Black "Baghdasaryan, Vahe"]
[WhiteFideId "13605348"]
[BlackFideId "13303139"]
[WhiteElo "2180"]
[BlackElo "2380"]
[Result "1-0"]
[Round "10"]
[TimeControl "180+1"]
[Date "2023.08.22"]
[WhiteClock "0:00:50"]
[BlackClock "0:00:00"]
[Board "160"]

1. d4 d5 2. Nf3 Nf6 3. c4 e6 4. Nc3 Be7 5. Bf4 O-O 6. e3 b6 7. Bd3 Bb7 8. cxd5 Nxd5 9. Nxd5 Bxd5 10. Qc2 Nc6 11. Bxh7+ Kh8 12. Be4 Nb4 13. Qb1 f5 14. Bxd5 Nxd5 15. O-O g5 16. Be5+ Kg8 17. e4 Nf4 18. Bxf4 gxf4 19. exf5 Rxf5 20. Qe4 Qc8 21. Rfe1 Kf7 22. Rac1 c5 23. dxc5 Bxc5 24. b4 Bxf2+ 25. Kxf2 Qe8 26. Rc7+ Kf6 27. Rc6 Kf7 28. Rxe6 1-0


[Site "https://www.chess.com"]

[Event "Titled Tuesday Blitz August 22 Early 2023"]
[White "Vaglio Munoz, Jaime"]
[Black "Floresvillar Gonzalez, Luis Migu"]
[WhiteFideId "6500145"]
[BlackFideId "5100542"]
[WhiteElo "2303"]
[BlackElo "2128"]
[Result "1-0"]
[Round "10"]
[TimeControl "180+1"]
[Date "2023.08.22"]
[WhiteClock "0:00:28"]
[BlackClock "0:00:00"]
[Board "161"]

1. Nf3 c6 2. c4 d5 3. b3 Bf5 4. Bb2 e6 5. d3 Nf6 6. g3 Nbd7 7. Bg2 Bb4+ 8. Nbd2 O-O 9. O-O Re8 10. a3 Be7 11. Nh4 Bg4 12. h3 Bh5 13. Re1 Qb6 14. Qc2 Rac8 15. b4 a5 16. c5 Qc7 17. e4 dxe4 18. dxe4 e5 19. Nf5 Bf8 20. Nc4 Bg6 21. Nfd6 axb4 22. axb4 b5 23. Nxe8 Nxe8 24. Ne3 Nef6 25. g4 Nd5 26. Qb3 Nf4 27. Bf1 h6 28. Nf5 Bxf5 29. gxf5 Nf6 30. Qc3 Re8 31. f3 Nd7 32. Ra6 Be7 33. Rea1 Bg5 34. Ra7 Qd8 35. Rd1 Re7 36. Rd6 Bh4 37. Qd2 Kh7 38. Rdxd7 Rxd7 39. Rxd7 Qg5+ 40. Kh1 Qg3 41. Bg2 Nxh3 42. Bxe5 Nf2+ 43. Kg1 Qxe5 44. Rxf7 Qa1+ 45. Bf1 Qe5 46. f6 Qg3+ 47. Bg2 Nh3+ 48. Kf1 Bxf6 49. Rxf6 gxf6 50. Qd7+ Kg8 51. Qxh3 1-0


[Site "https://www.chess.com"]

[Event "Titled Tuesday Blitz August 22 Early 2023"]
[White "Buraczewski, Rafal"]
[Black "Blokhin, Sofia"]
[WhiteFideId "1155245"]
[BlackFideId "4508190"]
[WhiteElo "2112"]
[BlackElo "2280"]
[Result "1/2-1/2"]
[Round "10"]
[TimeControl "180+1"]
[Date "2023.08.22"]
[WhiteClock "0:00:09"]
[BlackClock "0:00:07"]
[Board "162"]

1. d4 f5 2. c4 Nf6 3. Nc3 g6 4. g3 Bg7 5. Bg2 O-O 6. Nf3 d6 7. O-O Nc6 8. Bg5 h6 9. Bxf6 Bxf6 10. Nd5 Bg7 11. Nf4 Kh7 12. e3 Bd7 13. Qb3 Rb8 14. Rad1 Qe8 15. d5 Ne5 16. Nxe5 dxe5 17. Nd3 b6 18. Qa3 a5 19. f4 e4 20. Ne5 e6 21. g4 exd5 22. gxf5 gxf5 23. Nxd7 Qxd7 24. Rxd5 Qf7 25. Bh3 Qh5 26. Bg2 Rbd8 27. Bxe4 Qg6+ 28. Bg2 Rxd5 29. cxd5 Rg8 30. Kh1 Bd4 31. Bf3 Bc5 32. Qd3 Re8 33. Re1 h5 34. e4 Qh6 35. Rf1 Qxf4 36. Bxh5 Qxe4+ 37. Qxe4 Rxe4 38. Rxf5 Re1+ 39. Kg2 Rg1+ 40. Kh3 Kh6 41. Bf3 Rf1 42. Be4 Re1 43. Re5 Re2 44. Re6+ Kg7 45. Bf5 Rxb2 46. a4 Rb4 47. Re4 Rxe4 48. Bxe4 Kf6 49. Kg4 Be3 50. h4 Ke5 51. Bf3 Kd4 52. Kf5 Kc4 53. Kg6 Kb4 54. Bd1 Kc5 55. Bf3 Kb4 56. Bd1 b5 57. axb5 Kxb5 58. h5 a4 59. h6 Bxh6 60. Kxh6 Kc5 61. Bxa4 Kxd5 62. Kg5 c5 1/2-1/2


[Site "https://www.chess.com"]

[Event "Titled Tuesday Blitz August 22 Early 2023"]
[White "Wang, Alexander J"]
[Black "KSho99"]
[WhiteFideId "30955270"]
[WhiteElo "2272"]
[BlackElo "2219"]
[Result "1/2-1/2"]
[Round "10"]
[TimeControl "180+1"]
[Date "2023.08.22"]
[WhiteClock "0:00:07"]
[BlackClock "0:00:06"]
[Board "163"]

1. e4 b6 2. d4 Bb7 3. Nc3 e6 4. Nf3 d6 5. Bd3 Nd7 6. O-O Ne7 7. Bg5 h6 8. Bf4 g5 9. Bg3 Bg7 10. Ne2 Nf6 11. Nd2 Nh5 12. c3 O-O 13. f3 Nxg3 14. hxg3 f5 15. g4 fxg4 16. fxg4 Qd7 17. Ng3 Rxf1+ 18. Qxf1 Rf8 19. Qe2 Ng6 20. Nh5 Nf4 21. Nxf4 Rxf4 22. g3 Rf7 23. Rf1 c5 24. Qe3 Rxf1+ 25. Bxf1 cxd4 26. cxd4 Qa4 27. Bc4 d5 28. exd5 exd5 29. Bd3 Qd1+ 30. Kg2 Qxg4 31. Qe8+ Bf8 32. Qg6+ Bg7 33. Qe8+ Bf8 34. Qg6+ Bg7 35. Qe8+ 1/2-1/2


[Site "https://www.chess.com"]

[Event "Titled Tuesday Blitz August 22 Early 2023"]
[White "Zepeda Berlanga, Jan Enrique"]
[Black "Schut, Han"]
[WhiteFideId "5132355"]
[BlackFideId "1005561"]
[WhiteElo "2003"]
[BlackElo "2239"]
[Result "0-1"]
[Round "10"]
[TimeControl "180+1"]
[Date "2023.08.22"]
[WhiteClock "0:00:00"]
[BlackClock "0:00:20"]
[Board "164"]

1. c4 Nf6 2. Nf3 g6 3. g3 Bg7 4. Bg2 O-O 5. O-O d5 6. cxd5 Nxd5 7. d4 c5 8. Nc3 Nxc3 9. bxc3 cxd4 10. cxd4 Nc6 11. Bb2 Bg4 12. e3 Qb6 13. Qb3 Qxb3 14. axb3 a6 15. Rfc1 Rac8 16. Ra4 Bd7 17. Rac4 Na5 18. Rxc8 Rxc8 19. Nd2 Rxc1+ 20. Bxc1 b5 21. Ba3 Bf8 22. d5 e6 23. d6 Bc6 24. Bxc6 Nxc6 25. Ne4 f5 26. Ng5 b4 27. Bb2 Bxd6 28. Nxe6 Na5 29. Nd4 Be5 30. Kf1 Bxd4 31. exd4 Nxb3 32. Ke2 Na5 33. Kd3 Kf7 34. d5 Ke7 35. Be5 Nb7 36. Kc4 a5 37. Kb5 b3 38. Kc6 Nd8+ 0-1


[Site "https://www.chess.com"]

[Event "Titled Tuesday Blitz August 22 Early 2023"]
[White "Gyulamiryan-koryun"]
[Black "Hartikainen, Jarmo"]
[BlackFideId "503134"]
[WhiteElo "2039"]
[BlackElo "2103"]
[Result "1-0"]
[Round "10"]
[TimeControl "180+1"]
[Date "2023.08.22"]
[WhiteClock "0:00:15"]
[BlackClock "0:00:03"]
[Board "165"]

1. c4 e5 2. Nc3 Nf6 3. g3 Be7 4. Bg2 O-O 5. e3 c6 6. Nge2 d5 7. cxd5 Nxd5 8. O-O Nb6 9. b3 Bf5 10. d4 N8d7 11. Bb2 Bf6 12. e4 Be6 13. d5 cxd5 14. exd5 Bf5 15. h3 Nc5 16. g4 Bg6 17. Qd2 Nd3 18. Ba3 Re8 19. Ne4 Nf4 20. Nxf4 exf4 21. Nxf6+ Qxf6 22. Bb2 Qd6 23. Bf3 Rad8 24. Rfd1 Be4 25. Qd4 Qf6 26. Qd2 Qg6 27. Qxf4 Bxd5 28. Bxd5 Nxd5 29. Qf3 Qc6 30. Rac1 Qe6 31. Kg2 Nf6 32. Rxd8 Rxd8 33. Qxb7 h5 34. Bxf6 gxf6 35. Qf3 Rd5 36. Rc4 Rg5 37. Rf4 Kg7 38. Qg3 Qd5+ 39. Qf3 hxg4 40. hxg4 Qxf3+ 41. Kxf3 Ra5 42. Ra4 Rxa4 43. bxa4 Kg6 44. Kf4 a5 45. a3 Kg7 46. Kf5 Kf8 47. Kxf6 Kg8 48. g5 Kf8 49. f4 Kg8 50. f5 Kf8 51. Ke5 Ke7 52. Kd5 Kd7 53. Kc5 Ke7 54. g6 fxg6 55. fxg6 Kf6 56. Kb6 Kxg6 57. Kxa5 Kf6 58. Kb6 Ke6 59. Kb7 Kd6 60. a5 Kc5 61. a6 Kb5 62. a7 Ka4 63. a8=Q+ Kb3 64. a4 Kb4 65. a5 1-0


[Site "https://www.chess.com"]

[Event "Titled Tuesday Blitz August 22 Early 2023"]
[White "Todev, Simeon"]
[Black "Wu, Derek"]
[WhiteFideId "2925133"]
[BlackFideId "30914558"]
[WhiteElo "2401"]
[BlackElo "2678"]
[Result "0-1"]
[Round "10"]
[TimeControl "180+1"]
[Date "2023.08.22"]
[WhiteClock "0:00:04"]
[BlackClock "0:00:23"]
[Board "166"]

1. e4 c5 2. Nf3 d6 3. c3 Nf6 4. Be2 g6 5. O-O Bg7 6. d3 O-O 7. Be3 Nc6 8. Re1 Ng4 9. Qd2 Nxe3 10. Qxe3 Qb6 11. Qd2 Bg4 12. Na3 a6 13. Nc4 Qc7 14. h3 Bxf3 15. Bxf3 b5 16. Ne3 e6 17. Nc2 Rac8 18. Rad1 Ne5 19. Be2 Rfd8 20. f4 Nc6 21. Bf3 b4 22. d4 bxc3 23. bxc3 Na5 24. Ne3 h5 25. f5 cxd4 26. cxd4 Qc3 27. fxe6 fxe6 28. Qe2 Bxd4 29. Rd3 Qb2 30. Rd2 Qc3 31. Rd3 Qc5 32. Kh1 Bg7 33. Red1 Nc6 34. Qf2 Ne5 35. Rb3 Rf8 36. Qg3 Rf7 37. Be2 Rcf8 38. Nf1 Qf2 39. Qxf2 Rxf2 40. Bxa6 Rxa2 41. Rxd6 Rxa6 42. Rxa6 Rxf1+ 43. Kh2 Kf7 44. Rb7+ Kf6 45. Rbb6 Kg5 46. Rxe6 Rf4 47. Kg3 h4+ 48. Kh2 Rxe4 49. Ra5 Kh6 50. Ra7 Nf3+ 51. gxf3 Rxe6 52. Kg2 Re2+ 53. Kf1 Rh2 54. Ra4 Rxh3 55. Kg2 Rg3+ 56. Kh2 Bf6 57. Rf4 Bg5 58. Rf8 Kg7 59. Ra8 Rxf3 60. Ra7+ Kh6 0-1


[Site "https://www.chess.com"]

[Event "Titled Tuesday Blitz August 22 Early 2023"]
[White "Shapiro, Daniel"]
[Black "Kiseleva, Arina"]
[WhiteFideId "2001780"]
[BlackFideId "4164989"]
[WhiteElo "2278"]
[BlackElo "2224"]
[Result "0-1"]
[Round "10"]
[TimeControl "180+1"]
[Date "2023.08.22"]
[WhiteClock "0:00:00"]
[BlackClock "0:00:05"]
[Board "167"]

1. d4 Nf6 2. c4 e6 3. g3 c5 4. d5 exd5 5. cxd5 d6 6. Nc3 a6 7. a4 g6 8. Nf3 Bg7 9. Bg2 O-O 10. O-O Re8 11. Nd2 Nbd7 12. h3 Nh5 13. e4 Ne5 14. Kh2 Nd3 15. Nc4 Nxc1 16. Rxc1 b5 17. axb5 axb5 18. Nxb5 Ba6 19. Nbxd6 Bxb2 20. Nxe8 Bxc1 21. Qxc1 Qxe8 22. f4 Qa4 23. Nb6 Qb3 24. Nxa8 Qxg3+ 25. Kg1 Bxf1 26. Qxf1 Nxf4 27. Qf3 Nxh3+ 28. Kf1 Qxf3+ 29. Bxf3 Ng5 30. Bg2 Kf8 31. Nb6 Ke7 32. e5 h5 33. Nc4 h4 34. Kf2 h3 35. Bh1 f6 36. d6+ Ke6 37. Kg3 fxe5 38. Kg4 Nf7 39. Kxh3 Nxd6 40. Ne3 e4 41. Kg4 Ke5 42. Kg5 c4 43. Kxg6 c3 44. Nc2 Nb5 45. Kg5 Nd4 46. Ne3 c2 47. Nxc2 Nxc2 48. Kg4 e3 49. Kg3 Kd4 50. Kf3 Kd3 51. Kf4 Nd4 52. Bf3 Nxf3 53. Kxf3 e2 54. Kf2 Kd2 55. Kf3 e1=Q 56. Kf4 Qe2 0-1


[Site "https://www.chess.com"]

[Event "Titled Tuesday Blitz August 22 Early 2023"]
[White "Novikova, Galina"]
[Black "jjbolanos"]
[WhiteFideId "4157095"]
[WhiteElo "2397"]
[BlackElo "2049"]
[Result "1-0"]
[Round "10"]
[TimeControl "180+1"]
[Date "2023.08.22"]
[WhiteClock "0:00:07"]
[BlackClock "0:00:00"]
[Board "169"]

1. e4 c5 2. Nf3 e6 3. b4 cxb4 4. a3 d5 5. e5 Nc6 6. axb4 Bxb4 7. c3 Be7 8. d4 h5 9. Bd3 Nh6 10. O-O g6 11. Na3 Nf5 12. Nc2 Bd7 13. Ne3 h4 14. h3 Rc8 15. Bb2 a6 16. c4 Nxe3 17. fxe3 dxc4 18. Bxc4 Nb4 19. Qe2 Rxc4 20. Qxc4 Bb5 21. Qb3 Bxf1 22. Rxf1 Qd5 23. Qd1 Qe4 24. Bc1 O-O 25. Kh1 Rc8 26. Bd2 Nd5 27. Re1 Rc2 28. Kh2 b5 29. Rf1 b4 30. Qb1 Nc3 31. Bxc3 bxc3 32. Rc1 Rxc1 33. Qxe4 c2 34. Qd3 Rh1+ 35. Kxh1 c1=Q+ 36. Kh2 a5 37. d5 exd5 38. Qxd5 Qc7 39. Qa8+ Kg7 40. Qe4 f6 41. Kh1 fxe5 42. Nxe5 Qc1+ 43. Kh2 Qc7 44. Qxg6+ Kh8 45. Qe8+ Kh7 46. Qf7+ Kh8 47. Qh5+ Kg7 48. Kg1 Qc1+ 49. Kf2 Qb2+ 50. Kf3 Qb7+ 51. e4 Qb3+ 52. Kg4 Qd1+ 53. Nf3 Qd7+ 54. Qf5 Qxf5+ 55. Kxf5 a4 56. Nd4 a3 57. Nb3 a2 58. e5 Ba3 59. Kg4 Be7 60. g3 Kf7 61. gxh4 Ke6 62. h5 Kxe5 63. h6 Bf6 64. Kh5 Kd5 65. Kg6 Bd4 66. Nxd4 Kxd4 67. h7 1-0


[Site "https://www.chess.com"]

[Event "Titled Tuesday Blitz August 22 Early 2023"]
[White "Nihal Sarin"]
[Black "Chigaev, Maksim"]
[WhiteFideId "25092340"]
[BlackFideId "4108116"]
[WhiteElo "3159"]
[BlackElo "2944"]
[Result "1/2-1/2"]
[Round "11"]
[TimeControl "180+1"]
[Date "2023.08.22"]
[WhiteClock "0:02:07"]
[BlackClock "0:02:11"]
[Board "1"]

1. e4 e5 2. Nf3 Nc6 3. Bb5 a6 4. Ba4 Nf6 5. O-O Be7 6. d3 d6 7. c3 O-O 8. Nbd2 Re8 9. Re1 Bf8 10. Nf1 h6 11. Ng3 b5 12. Bc2 d5 13. exd5 Qxd5 14. Bb3 Qd6 15. Ne4 Nxe4 16. dxe4 Be6 17. Be3 Red8 1/2-1/2


[Site "https://www.chess.com"]

[Event "Titled Tuesday Blitz August 22 Early 2023"]
[White "Erigaisi Arjun"]
[Black "Esipenko, Andrey"]
[WhiteFideId "35009192"]
[BlackFideId "24175439"]
[WhiteElo "3083"]
[BlackElo "2997"]
[Result "0-1"]
[Round "11"]
[TimeControl "180+1"]
[Date "2023.08.22"]
[WhiteClock "0:00:00"]
[BlackClock "0:00:07"]
[Board "2"]

1. b3 d5 2. Bb2 Bf5 3. Nf3 e6 4. g3 h6 5. Bg2 Nf6 6. O-O Be7 7. d3 O-O 8. Nbd2 Bh7 9. Ne5 a5 10. a3 Nbd7 11. Nxd7 Nxd7 12. e4 Bf6 13. d4 c6 14. c4 dxe4 15. Nxe4 Bxe4 16. Bxe4 Qc7 17. Qf3 Rfd8 18. Rad1 Rac8 19. Bc1 Qb6 20. c5 Qc7 21. b4 axb4 22. axb4 Bg5 23. Bb2 Nf8 24. b5 cxb5 25. Bxb7 Rb8 26. c6 Bf6 27. Qe4 Ng6 28. Bc1 Rd5 29. Be3 b4 30. Rb1 Rxb7 31. cxb7 Qxb7 32. Rfc1 Be7 33. h4 Bd6 34. Rc4 Qa6 35. Qc2 Ne7 36. Bd2 Rb5 37. Bxb4 Qb7 38. Qd2 Nd5 39. Bxd6 Rxb1+ 40. Rc1 Rxc1+ 41. Qxc1 Qb3 42. Bf4 Qd3 43. Qd2 Qe4 44. Be3 h5 45. Qc1 Kh7 46. Qd2 Kg6 47. Kh2 f6 48. Qe2 Ne7 49. Qb5 Nc6 50. Qb7 Qd5 51. Qa8 Kf7 52. Qb7+ Ne7 53. Qxd5 Nxd5 54. Bd2 Kg6 55. Kg2 Kf5 56. Kf3 g5 57. Bc1 g4+ 58. Ke2 Ke4 59. Bb2 f5 60. Bc1 Kxd4 61. Bg5 Ke4 62. Bd2 e5 63. Bc1 f4 64. Bd2 Ne7 65. Kf1 Kf3 66. gxf4 exf4 67. Bb4 Nf5 68. Be7 Nxe7 0-1


[Site "https://www.chess.com"]

[Event "Titled Tuesday Blitz August 22 Early 2023"]
[White "Demchenko, Anton"]
[Black "Sarana, Alexey"]
[WhiteFideId "4160258"]
[BlackFideId "24133795"]
[WhiteElo "2961"]
[BlackElo "3042"]
[Result "0-1"]
[Round "11"]
[TimeControl "180+1"]
[Date "2023.08.22"]
[WhiteClock "0:00:00"]
[BlackClock "0:00:03"]
[Board "3"]

1. e4 c5 2. Nf3 d6 3. d4 cxd4 4. Nxd4 Nf6 5. Nc3 a6 6. Bc4 e6 7. a4 Nbd7 8. O-O Nc5 9. Re1 Be7 10. Bf1 Qc7 11. a5 O-O 12. f3 b5 13. axb6 Qxb6 14. Kh1 Bd7 15. b3 a5 16. Ndb5 Rfd8 17. Be3 Qb8 18. Qd2 h6 19. Qf2 Bc6 20. Red1 Nfd7 21. Qg3 Bxb5 22. Nxb5 Ne5 23. Bxh6 Ng6 24. Bg5 Bxg5 25. Qxg5 Qb6 26. Qe3 Qc6 27. Rd2 d5 28. exd5 exd5 29. Rad1 a4 30. bxa4 Nxa4 31. c4 Re8 32. Qd4 dxc4 33. Nd6 Rf8 34. Bxc4 Rad8 35. Qe4 Qxe4 36. Nxe4 Rxd2 37. Rxd2 Ne5 38. Bb3 Nb6 39. h3 Rb8 40. Nd6 Nbd7 41. Ba2 Nc5 42. f4 Ned3 43. Nxf7 Nxf4 44. Ng5+ Kh8 45. Kh2 Ng6 46. Rd6 Ne7 47. Rd4 g6 48. Rf4 Nf5 49. Rc4 Rb2 50. Rxc5 Rxa2 51. Ne6 Ne3 52. Nf4 Kh7 53. Rg5 Ra6 54. Re5 Nf5 55. Nd3 Kh6 56. Kg1 Rd6 57. Nf2 Rd2 58. Ng4+ Kg5 59. Re1 Ra2 60. Ne3 Nh4 61. Rf1 Re2 62. Nd5 Rxg2+ 63. Kh1 Rg3 64. Nf4 Nf5 65. Kh2 Ra3 66. Ng2 Ra2 67. Rg1 Nh4 68. Kg3 Ra3+ 69. Kh2 Nf3+ 70. Kh1 Nxg1 71. Kxg1 Rxh3 0-1


[Site "https://www.chess.com"]

[Event "Titled Tuesday Blitz August 22 Early 2023"]
[White "Dardha, Daniel"]
[Black "Nakamura, Hikaru"]
[WhiteFideId "240990"]
[BlackFideId "2016192"]
[WhiteElo "2955"]
[BlackElo "3217"]
[Result "0-1"]
[Round "11"]
[TimeControl "180+1"]
[Date "2023.08.22"]
[WhiteClock "0:00:00"]
[BlackClock "0:00:19"]
[Board "4"]

1. d4 Nf6 2. Bg5 c5 3. dxc5 Qa5+ 4. Qd2 Qxc5 5. Nc3 d6 6. e4 Nbd7 7. O-O-O a6 8. Be3 Qc7 9. f3 h5 10. Nh3 e6 11. Ng5 b5 12. a3 Bb7 13. h4 Rc8 14. Kb1 Be7 15. Be2 Ne5 16. Bd4 Nc6 17. Be3 b4 18. axb4 Nxb4 19. Qd4 d5 20. e5 Nd7 21. f4 Qa5 22. f5 Nc5 23. fxe6 fxe6 24. Rhf1 Na4 25. Bd2 Nxc3+ 26. Bxc3 Qa2+ 27. Kc1 Qa4 28. Bd3 Bc5 29. Bg6+ Kd7 30. Rf7+ Kc6 31. Nxe6 Bxd4 32. Rxd4 Na2+ 33. Kd2 Nxc3 34. Rxa4 Nxa4 35. Nd4+ Kb6 36. b3 Nc5 37. e6 Rhe8 38. Rxg7 Nxe6 0-1


[Site "https://www.chess.com"]

[Event "Titled Tuesday Blitz August 22 Early 2023"]
[White "Dubov, Daniil"]
[Black "Donchenko, Alexander"]
[WhiteFideId "24126055"]
[BlackFideId "24603295"]
[WhiteElo "3040"]
[BlackElo "2947"]
[Result "1-0"]
[Round "11"]
[TimeControl "180+1"]
[Date "2023.08.22"]
[WhiteClock "0:00:12"]
[BlackClock "0:00:00"]
[Board "5"]

1. d4 Nf6 2. Nf3 d5 3. Bg5 Ne4 4. Bh4 c5 5. e3 Nc6 6. Nbd2 Nxd2 7. Qxd2 cxd4 8. Nxd4 Qb6 9. O-O-O e6 10. e4 Qxd4 11. Qxd4 Nxd4 12. Rxd4 Bc5 13. Rd2 d4 14. f4 f6 15. Bc4 Bd7 16. e5 fxe5 17. fxe5 O-O 18. Rhd1 Rf5 19. Bf2 Rxe5 20. Bxd4 Bxd4 21. Rxd4 Bc6 22. g3 Rf8 23. b4 a6 24. Kb2 Rf2 25. R1d2 Rxd2 26. Rxd2 Kf7 27. Rf2+ Ke7 28. Bd3 g6 29. Kc3 a5 30. a3 axb4+ 31. axb4 Rh5 32. Kd4 Rd5+ 33. Ke3 b5 34. Rf1 Re5+ 35. Kd4 Rd5+ 36. Kc3 Re5 37. Ra1 Rh5 38. Ra7+ Kd6 39. Ra6 Kc7 40. h4 Re5 41. Ra7+ Bb7 42. Kd4 Rd5+ 43. Ke3 1-0


[Site "https://www.chess.com"]

[Event "Titled Tuesday Blitz August 22 Early 2023"]
[White "Bluebaum, Matthias"]
[Black "Henriquez Villagra, Cristobal"]
[WhiteFideId "24651516"]
[BlackFideId "3409350"]
[WhiteElo "3023"]
[BlackElo "2937"]
[Result "1-0"]
[Round "11"]
[TimeControl "180+1"]
[Date "2023.08.22"]
[WhiteClock "0:00:47"]
[BlackClock "0:00:00"]
[Board "6"]

1. d4 d6 2. Nf3 g6 3. c4 Bg7 4. Nc3 e5 5. e4 Nc6 6. Bg5 f6 7. Be3 Nh6 8. dxe5 fxe5 9. h3 Nf7 10. c5 Be6 11. Bb5 O-O 12. O-O a6 13. Ba4 dxc5 14. Bxc5 Qxd1 15. Rfxd1 Rfd8 16. Nd5 Bxd5 17. exd5 Nd4 18. Nxd4 exd4 19. Bb3 Nd6 20. Bxd4 Bxd4 21. Rxd4 Re8 22. Rc1 Re7 23. Rd2 Rf8 24. Rcc2 Kg7 25. Re2 Rff7 26. Rxe7 Rxe7 27. Kf1 Nf5 28. Rd2 Kf6 29. Bc2 Nd6 30. Rd3 Rd7 31. g3 Ke5 32. f4+ Kf6 33. Rd4 Nb5 34. Rd1 Nd6 35. Kf2 h6 36. h4 g5 37. hxg5+ hxg5 38. Rh1 gxf4 39. gxf4 Nf7 40. Rh5 c6 41. Be4 cxd5 42. Rxd5 Rc7 43. Kf3 Ke7 44. Rd3 Nd6 45. Bd5 Ne8 46. Re3+ Kd7 47. f5 Nf6 48. Be6+ Ke7 49. Kf4 Kf8 50. Bb3 Rh7 51. Re6 Nd7 52. Bd5 Nc5 53. Rg6 Rc7 54. f6 1-0


[Site "https://www.chess.com"]

[Event "Titled Tuesday Blitz August 22 Early 2023"]
[White "Jones, Gawain C B"]
[Black "Svane, Rasmus"]
[WhiteFideId "409561"]
[BlackFideId "4657101"]
[WhiteElo "2890"]
[BlackElo "3001"]
[Result "1-0"]
[Round "11"]
[TimeControl "180+1"]
[Date "2023.08.22"]
[WhiteClock "0:00:27"]
[BlackClock "0:00:06"]
[Board "7"]

1. Nf3 d5 2. c4 e6 3. g3 Nf6 4. Bg2 Be7 5. O-O O-O 6. b3 d4 7. e3 c5 8. exd4 cxd4 9. Ba3 Nc6 10. d3 Re8 11. Bxe7 Rxe7 12. Na3 e5 13. Nc2 a5 14. Re1 Bf5 15. Nh4 Bg4 16. Qd2 Qd6 17. a3 h6 18. h3 Bd7 19. b4 Rae8 20. b5 Nd8 21. Qxa5 Ne6 22. Nf5 Qb8 23. Qb4 Qd8 24. Rxe5 g6 25. Nxe7+ Rxe7 26. Nxd4 Re8 27. Qc3 Ng5 28. Rxe8+ Qxe8 29. Nf3 Nxf3+ 30. Bxf3 Qd8 31. Bxb7 Bxh3 32. Bf3 h5 33. c5 h4 34. Qe5 hxg3 35. Qxg3 Bf5 36. Qd6 Nd7 37. c6 Qg5+ 38. Qg3 Qf6 39. Re1 Nf8 40. b6 Qc3 41. Qe5 Qxd3 42. b7 Qxf3 43. b8=Q Bh3 44. Qxf8+ Kxf8 45. Qh8# 1-0


[Site "https://www.chess.com"]